 Dungeon Crawl Stone Soup version 0.24-a0-524-gf43b32f898 (webtiles) character file.

Game seed: 8199900890067288326

4097 DavidChitty2 the Destroyer (level 10, -2/86 HPs)
             Began as a Red Draconian Conjurer on July 31, 2019.
             Was a Priest of Kikubaaqudgha.
             Slain by a hippogriff (8 damage)
             ... on level 8 of the Dungeon.
             The game lasted 00:23:47 (11332 turns).

DavidChitty2 the Destroyer (DrCj)                  Turns: 11332, Time: 00:23:48

Health: -2/86      AC:  9    Str: 10    XL:     10   Next: 5%
Magic:  6/20       EV: 12    Int: 20    God:    Kikubaaqudgha [***...]
Gold:   500        SH:  0    Dex: 11    Spells: 9/22 levels left

rFire    + . .     SeeInvis .   a - +1 dagger
rCold    . . .     Gourm    .   (no shield)
rNeg     . . .     Faith    .   (armour unavailable)
rPois    .         Spirit   .   (helmet restricted)
rElec    .         Reflect  .   (no cloak)
rCorr    .         Harm     .   n - +0 pair of gloves
MR       .....                  z - +0 pair of boots
Stlth    +++.......             (no amulet)
HPRegen  0.24/turn              o - ring of stealth
MPRegen  0.17/turn              (no ring)

@: no status effects
A: breathe fire, unfitting armour, fire resistance 1, cold-blooded, AC +7
a: Breathe Fire, Receive Corpses, Renounce Religion


You were on level 8 of the Dungeon.
You worshipped Kikubaaqudgha.
Kikubaaqudgha was most pleased with you.
You were hungry.

You visited 1 branch of the dungeon, and saw 8 of its levels.

You collected 500 gold pieces.

Inventory:

Hand Weapons
 a - a +1 dagger (weapon)
 b - a +0 hunting sling
Missiles
 c - 255 stones (quivered)
Armour
 n - a +0 pair of gloves (worn)
 z - a +0 pair of boots (worn)
Magical Staves
 w - an uncursed staff of cold
Jewellery
 o - a ring of stealth (left hand)
 A - an uncursed amulet of magic regeneration {unknown}
Wands
 d - a wand of scattershot (4)
 i - a wand of disintegration (10)
 k - a wand of enslavement (12)
 m - a wand of acid (4)
 q - a wand of flame (19)
 C - a wand of random effects (26)
 E - a wand of polymorph (6)
Scrolls
 f - a scroll of enchant armour
 j - 7 scrolls of teleportation
 l - a scroll of blinking
 t - 3 scrolls of identify
 v - 2 scrolls of fear
 y - a scroll of amnesia
 D - 2 scrolls of random uselessness {unknown}
Potions
 g - 2 potions of might
 h - 6 potions of curing
 p - a potion of invisibility
 r - a potion of agility
 s - 2 potions of heal wounds {unknown}
 u - 2 potions of berserk rage
 x - a potion of brilliance {unknown}
Comestibles
 e - 13 rations


   Skills:
 + Level 7.0 Fighting
 - Level 1.7 Dodging
 - Level 1.7 Stealth
 + Level 6.7 Spellcasting
 + Level 9.2 Conjurations
 * Level 6.7 Necromancy
 + Level 1.8 Earth Magic


You had 9 spell levels left.
You knew the following spells:

 Your Spells              Type           Power        Failure   Level  Hunger
a - Magic Dart            Conj           ####         1%          1    None
b - Searing Ray           Conj           #####.       1%          2    None
c - Animate Skeleton      Necr           N/A          1%          1    None
d - Borgnjor's Vile Clut  Necr/Erth      ###.......   43%         5    #####..
x - Iskenderun's Mystic   Conj           #####...     2%          4    ###....

Your spell library contained the following spells:

 Spells                   Type           Power        Failure   Level  Hunger
 Pain                     Necr           ####         1%          1    None
 Sublimation of Blood     Necr           ####......   1%          2    None
 Vampiric Draining        Necr           ####......   1%          3    #......
 Throw Frost              Conj/Ice       ####..       2%          2    None
 Conjure Flame            Conj/Fire      ####....     4%          3    #......
 Dazzling Spray           Conj/Hex       ####..       4%          3    #......
 Animate Dead             Necr           N/A          6%          4    ###....
 Mephitic Cloud           Conj/Pois/Air  ###.....     9%          3    #......
 Beastly Appendage        Tmut           #.....       10%         1    None
 Freeze                   Ice            #...         10%         1    None
 Summon Small Mammal      Summ           #...         10%         1    None
 Blink                    Tloc           N/A          14%         2    None
 Call Imp                 Summ           #.......     14%         2    None
 Poisonous Vapours        Pois/Air       #.....       14%         2    None
 Slow                     Hex            #.......     14%         2    None
 Sticks to Snakes         Tmut           #.......     14%         2    None
 Force Lance              Conj/Tloc      ####....     14%         4    ###....
 Fulminant Prism          Conj/Hex       ####......   14%         4    ###....
 Throw Icicle             Conj/Ice       ####....     14%         4    ###....
 Agony                    Necr           ####....     17%         5    #####..
 Dispel Undead            Necr           ####....     17%         5    #####..
 Call Canine Familiar     Summ           #.......     28%         3    #......
 Ozocubu's Armour         Chrm/Ice       #.......     28%         3    #......
 Spider Form              Tmut/Pois      #.........   28%         3    #......
 Summon Guardian Golem    Hex/Summ       #.......     28%         3    #......
 Ice Form                 Ice/Tmut       #.......     67%         4    ###....
 Summon Ice Beast         Ice/Summ       #.......     67%         4    ###....
 Summon Lightning Spire   Summ/Air       #.......     67%         4    ###....
 Death Channel            Necr           ####......   67%         6    ######.
 Blade Hands              Tmut           #.........   95%         5    #####..
 Freezing Cloud           Conj/Ice/Air   ###.......   99%         6    ######.
 Ring of Flames           Chrm/Fire      #.........   100%        7    #######


Dungeon Overview and Level Annotations

Branches:
Dungeon (8/15)             Temple (0/1) D:6
   Lair: D:8-11

Altars:
Ashenzari
Elyvilon
Fedhas
Kikubaaqudgha
Qazlal
Ru
Uskayaw
Xom

Shops:
D:5 (   D:6 (

Annotations:
D:6 4 runed translucent doors, icckedyourdad's ghost, novice TrMo


Innate Abilities, Weirdness & Mutations

You can breathe blasts of fire.
Your fiery red scales are hard. (AC +7)
You cannot fit into any form of body armour.
Your flesh is heat resistant. (rF+)
You are cold-blooded and may be slowed by cold attacks.


Message History

* * * LOW HITPOINT WARNING * * *
Casting: Magic Dart (safe; 1% risk of failure)
Confirm with . or Enter, or press ? or * to list all spells.
Aiming: Magic Dart (safe; 1% risk of failure)
Press: ? - help, Shift-Dir - straight line, f/p - hippogriff
Aim: a hippogriff (heavily wounded)
The magic dart hits the hippogriff but does no damage.
The hippogriff is heavily wounded.
The hippogriff bites you!
* * * LOW HITPOINT WARNING * * *
The hippogriff pecks you.
* * * LOW HITPOINT WARNING * * *
The hippogriff claws you but does no damage.
Evoke which item? (* to show all) (? for menu, Esc to quit)
Aiming: Corrosive Bolt
Press: ? - help, Shift-Dir - straight line, f/p - hippogriff
Aim: a hippogriff (heavily wounded)
The bolt of acid misses the hippogriff.
The hippogriff bites you!
You die...
Kikubaaqudgha rasps: "You have failed me!
Welcome... death!"

################
#..............#
#.....########.#
#.........# .#
#.....###.####.####
#.....# #....@....#
#.#.### ######H##<#
#.#.#### .#
#......# .#
######.##.# )#
.....#.##.#### [#
####.#........ .#
####.......... ##
.....####.####


You could see a hippogriff.

Vanquished Creatures
  2 two-headed ogres
  A hippogriff (D:7)
  An ice beast (D:7)
  2 phantoms
  2 sky beasts
  5 centaurs
  2 big kobolds
  2 bullfrogs (D:7)
  2 scorpions
  4 killer bees (D:8)
  5 wights (D:7)
  A howler monkey (D:5)
  5 crimson imps
  A centaur zombie (D:8)
  A quasit (D:7)
  4 hounds
  3 jellies
  2 orc priests
  3 orc wizards
  4 worker ants
  9 adders
  6 gnolls
  2 shadow imps
  An ooze (D:4)
  An adder zombie (D:5)
  3 worms
  2 dart slugs (D:3)
  6 leopard geckos
  20 orcs
  6 giant cockroaches
  7 hobgoblins
  8 jackals
  7 quokkas
  7 bats
  A frilled lizard (D:2)
  4 goblins
  A jackal skeleton (D:4)
  15 kobolds
  10 rats
168 creatures vanquished.

Vanquished Creatures (collateral kills)
  An orc warrior (D:8)
  An orc priest (D:5)
  An orc wizard (D:8)
  A worker ant (D:7)
  4 orcs (D:5)
  A quokka skeleton (D:5)
  2 fungi (D:5)
11 creatures vanquished.

Vanquished Creatures (others)
  A fungus (D:5)
1 creature vanquished.

Grand Total: 180 creatures vanquished

Notes
Turn   | Place    | Note
-------+----------+-------------------------------------------
     0 | D:1      | DavidChitty2 the Draconian Conjurer began the quest for the
                  | Orb.
     0 | D:1      | Reached XP level 1. HP: 14/14 MP: 3/3
   350 | D:1      | Reached XP level 2. HP: 11/20 MP: 1/5
  1052 | D:2      | Found a white marble altar of Elyvilon.
  1126 | D:2      | Found an ancient bone altar of Kikubaaqudgha.
  1149 | D:2      | Reached XP level 3. HP: 9/26 MP: 1/6
  1393 | D:2      | Found a sacrificial altar of Ru.
  1400 | D:2      | Found a shimmering altar of Xom.
  1416 | D:2      | Became a worshipper of Kikubaaqudgha
  1837 | D:2      | Found a faded altar of an unknown god.
  2048 | D:3      | Reached skill level 5 in Conjurations
  2199 | D:3      | Learned a level 2 spell: Searing Ray
  2221 | D:3      | Reached XP level 4. HP: 16/33 MP: 0/8
  2518 | D:3      | Learned a level 4 spell: Iskenderun's Mystic Blast
  2725 | D:3      | Reached XP level 5. HP: 36/39 MP: 4/9
  2980 | D:3      | Reached * piety under Kikubaaqudgha
  2980 | D:3      | Identified Kikubaaqudgha's Disquisition on Stolen Souls
                  | (Kikubaaqudgha gifted it to you on level 3 of the Dungeon)
  2980 | D:3      | Received a gift from Kikubaaqudgha
  2988 | D:3      | Learned a level 1 spell: Animate Skeleton
  3124 | D:3      | Reached skill level 1 in Fighting
  3795 | D:4      | Reached skill level 6 in Conjurations
  4177 | D:4      | Reached skill level 1 in Necromancy
  4286 | D:4      | Reached XP level 6. HP: 48/48 MP: 7/11
  5139 | D:5      | Entered Level 5 of the Dungeon
  5672 | D:5      | Your scales start taking on a fiery red colour.
  5672 | D:5      | Reached XP level 7. HP: 52/56 MP: 1/12
  5672 | D:5      | Gained mutation: Your flesh is heat resistant. (rF+) [Red
                  | Draconian growth]
  5857 | D:5      | Found a blossoming altar of Fedhas.
  6059 | D:5      | Reached skill level 7 in Conjurations
  6073 | D:5      | Found Etipn's Antique Weapon Boutique.
  6205 | D:5      | Reached ** piety under Kikubaaqudgha
  7001 | D:6      | Found a shattered altar of Ashenzari.
  7065 | D:6      | Found a staircase to the Ecumenical Temple.
  7094 | D:6      | Found a stormy altar of Qazlal.
  7140 | D:6      | Found Ether's Antique Weapon Boutique.
  7150 | D:6      | Found a runed translucent door.
  7156 | D:6      | Noticed icckedyourdad's ghost (novice TrMo)
  7204 | D:6      | Found a runed translucent door.
  7334 | D:6      | Reached XP level 8. HP: 60/66 MP: 2/14
  7457 | D:6      | Found a runed translucent door.
  7458 | D:6      | Found a runed translucent door.
  7795 | D:7      | Noticed a hippogriff
  7811 | D:7      | Killed a hippogriff
  8081 | D:7      | Reached skill level 8 in Conjurations
  8326 | D:7      | Reached skill level 5 in Spellcasting
  8886 | D:7      | Found a hide-covered altar of Uskayaw.
  8887 | D:7      | Noticed a +0 dagger
  8890 | D:7      | Noticed a +0 hand axe
  9029 | D:7      | Reached skill level 5 in Fighting
  9200 | D:7      | Reached XP level 9. HP: 56/74 MP: 2/16
  9522 | D:7      | Reached skill level 9 in Conjurations
  9842 | D:7      | Noticed a two-headed ogre
  9847 | D:7      | Killed a two-headed ogre
  9847 | D:7      | Reached skill level 5 in Necromancy
 10467 | D:8      | Reached *** piety under Kikubaaqudgha
 10467 | D:8      | Identified Kikubaaqudgha's Disquisition on Necromancy
                  | (Kikubaaqudgha gifted it to you on level 8 of the Dungeon)
 10467 | D:8      | Received a gift from Kikubaaqudgha
 10475 | D:8      | Learned a level 5 spell: Borgnjor's Vile Clutch
 10532 | D:8      | Noticed a two-headed ogre
 10545 | D:8      | Killed a two-headed ogre
 10545 | D:8      | Reached skill level 1 in Earth Magic
 10837 | D:8      | Reached XP level 10. HP: 80/86 MP: 5/19
 11332 | D:8      | Slain by a hippogriff

Levels and vault maps discovered:
D:1:      minmay_arrival_radiant_lines, layout_basic
D:2:      layout_rooms, grunt_temple_overflow_open,
          chequers_ecumenical_altar_grove, first_ration
D:3:      layout_loops_ring
D:4:      cheibrodos_thug_alley, layout_basic, minmay_box_of_dots
D:5:      wander_river, layout_gridville, fedhas_altar_3, serial_shops, shop,
          st_stairs_12
D:6:      lemuel_insect_pit, layout_rooms, minmay_temple_entry_offerings,
          ebering_ghost_sewer_f, serial_shops, nicolae_shop_stone, basic_altar,
          evilmike_ruin_ashenzari
D:7:      layout_basic, dancing_weapons_uskayaw
D:8:      layout_loops_ring

Skill      XL: |  1  2  3  4  5  6  7  8  9 |
---------------+----------------------------+-----
Conjurations   | 5 6 7 8 9 |  9.2
Spellcasting   | 3 4 5 6 |  6.7
Fighting       | 1 2 3 5 7 |  7.0
Necromancy     | 1 2 3 4 6 |  6.7
Earth Magic    | 1 |  1.8
Dodging        | |  1.7
Stealth        | |  1.7

Action                   |  1- 3 |  4- 6 |  7- 9 | 10-12 || total
-------------------------+-------+-------+-------+-------++-------
Melee: Unarmed           |    38 |       |       |       ||    38
       Tailslap          |     7 |     5 |     6 |       ||    18
       Dagger            |    28 |    49 |    71 |       ||   148
 Cast: Magic Dart        |    75 |   143 |   255 |    39 ||   512
       Searing Ray       |     1 |     3 |     5 |       ||     9
       Iskenderun's Myst |       |     3 |    17 |       ||    20
       Animate Skeleton  |       |     5 |    18 |     2 ||    25
 Abil: Breathe Fire      |       |       |     5 |       ||     5
Evoke: Wand              |       |     2 |       |     1 ||     3
  Use: Scroll            |       |    11 |     4 |       ||    15
  Eat: Chunk             |     5 |     8 |    16 |     1 ||    30
       Ration            |       |     1 |     1 |       ||     2
Armor: Skin              |    23 |    49 |    75 |     6 ||   153
Dodge: Dodged            |    52 |    68 |   146 |     9 ||   275

Table legend:
 A = Non-vault XP
 B = Vault XP
 C = Vault XP percentage of total XP
 D = Non-vault monster count
 E = Vault monster count
 F = Vault count percentage of total count
                 A         B        C        D         E       F
            +---------+---------+-------+---------+---------+-------
      Total |    5722 |     131 |   2.2 |     165 |      12 |   6.8
            +---------+---------+-------+---------+---------+-------
        D:1 |      29 |       0 |   0.0 |      17 |       0 |   0.0
        D:2 |      29 |       0 |   0.0 |      10 |       0 |   0.0
        D:3 |     221 |       0 |   0.0 |      32 |       0 |   0.0
        D:4 |     149 |     131 |  46.8 |      11 |      12 |  52.2
        D:5 |     594 |       0 |   0.0 |      30 |       0 |   0.0
        D:6 |     429 |       0 |   0.0 |      16 |       0 |   0.0
        D:7 |    2449 |       0 |   0.0 |      27 |       0 |   0.0
        D:8 |    1822 |       0 |   0.0 |      22 |       0 |   0.0
            +---------+---------+-------+---------+---------+-------
